 Dungeon Sprint DCSS version 0.29-a0-1009-g60c99734e7 (webtiles) character file.

Game seed: 16403591964276911533

3959 Hubris850 the Bludgeoner (level 10, -1/110 HPs)
             Began as an Ogre Monk on Aug 8, 2022.
             Was a High Priest of Okawaru.
             Succumbed to a water moccasin's poison
             ... in the Dungeon (Sprint IX: "|||||||||||||||||||||||||||||").
             The game lasted 00:03:25 (864 turns).

Hubris850 the Bludgeoner (Ogre Monk)                 Turns: 864, Time: 00:03:26

Health: -1/110     AC:  5    Str: 21    XL:     10   Next: 22%
Magic:  9/13       EV: 14    Int: 11    God:    Okawaru [*****.]
Gold:   0          SH:  0    Dex: 14    Spells: 9/9 levels left

rFire   . . .      SeeInvis .   l - +2 dire flail (vorpal)
rCold   . . .      Faith    .   (shield currently unavailable)
rNeg    . . .      Spirit   .   b - +0 robe
rPois   .          Reflect  .   (helmet restricted)
rElec   .          Harm     .   (no cloak)
rCorr   .          Rampage  .   (gloves unavailable)
Will    +....      NoTele   +   (boots unavailable)
Stlth   +++.......              (no amulet)
HPRegen 0.28/turn               n - +2 ring of protection
MPRegen 0.13/turn               o - +3 ring of dexterity

@: lethally poisoned (-1 -> -23), heroic, frozen, very slow
A: large, unfitting armour, tough skin 1
a: Renounce Religion, Heroism, Finesse


You were in the Dungeon.
You worshipped Okawaru.
Okawaru was extremely pleased with you.
You visited 1 branch

Inventory:

Hand Weapons
 a - a +0 mace
 l - a +2 vorpal dire flail (weapon)
 m - a +2 scimitar of flaming
Armour
 b - a +0 robe (worn)
Jewellery
 n - a +2 ring of protection (left hand)
 o - a +3 ring of dexterity (right hand)
Wands
 k - a wand of roots (10)
Scrolls
 i - 4 scrolls of blinking
 j - 2 scrolls of amnesia
 r - a scroll of fear
 s - 2 scrolls of enchant weapon
 t - a scroll of fog
Potions
 c - a potion of ambrosia
 d - 6 potions of curing
 e - 6 potions of heal wounds
 f - a potion of haste
 g - 4 potions of magic
 h - a potion of invisibility
 p - a potion of brilliance
Miscellaneous
 q - a lightning rod (4/4)


   Skills:
 + Level 9.9(14.9) Fighting
 - Level 19.2(24.2) Maces & Flails
 + Level 4.5(9.5) Dodging
 - Level 1.4(6.4) Stealth
 + Level 4.2 Invocations
 + Level 3.1 Evocations


You had 9 spell levels left.
You didn't know any spells.
Your spell library was empty.

Dungeon Overview and Level Annotations

Branches:
Dungeon (1/1)

Altars:
Cheibriados
Dithmenos
Elyvilon
Fedhas
Gozag
Hepliaklqana
Kikubaaqudgha
Makhleb
Nemelex Xobeh
Okawaru
Qazlal
Ru
Sif Muna
Trog
Uskayaw
Vehumet
Wu Jian
Xom
Yredelemnul
Zin
The Shining One
Jiyva
Lugonu


Innate Abilities, Weirdness & Mutations

You are too large for most types of armour.
You have tough skin. (AC +1)


Message History

You feel sick. The cane toad stings you!
You closely miss the cane toad.
The cane toad is severely wounded.
You feel sick.
The cane toad stings you but does no damage.
You thump the cane toad!
You kill the cane toad!
Okawaru accepts your kill. Okawaru grants you armour!
Something appears at your feet!
You see here a +0 kite shield of cold resistance.
You feel sick.
Your Dodging skill increases to level 4!
You barely miss the water moccasin.
You feel sick. The water moccasin bites you.
You are more poisoned.
The water moccasin poisons you!
You feel better. The water moccasin bites you.
You are poisoned.
The water moccasin poisons you! The water moccasin closely misses you.
You gain the combat prowess of a mighty hero.
You feel very sick. The water moccasin bites you.
You are more poisoned.
The water moccasin poisons you!
You impale the water moccasin!!
The water moccasin is almost dead.
You feel very sick. The water moccasin misses you.
You bludgeon the water moccasin!!
You kill the water moccasin!
Okawaru accepts your kill.
You feel very sick. The rime drake breathes ice at you.
The flash freeze hits you!!
* * * LOW HITPOINT WARNING * * *
You are encased in ice.
Your Invocations skill increases to level 4!
Your Evocations skill increases to level 3!
You die...

▓.▓_▓
▓.▓.▓_▓
▓.▓.▓_▓
▓.▓.▓_▓
▓.▓.▓_▓
▓l▓.▓_▓
▓k▓.▓_▓
▓k▓.▓_▓
▓@▓.▓_▓
▓[▓.▓_▓
▓.▓.▓_▓
▓.▓.▓_▓
▓.▓.▓_▓
▓.▓.▓'▓
▓[▓.▓.▓
▓.▓.▓.▓
▓(▓.▓.▓


You could see a komodo dragon and 2 rime drakes.

Vanquished Creatures
  A centaur warrior (D)
  A deep elf pyromancer (D)
  A manticore (D)
  A black mamba (D)
  A cane toad (D)
  2 unseen horrors (D)
  2 hornets (D)
  A shadow (D)
  A wraith (D)
  A yak (D)
  2 water moccasins (D)
  A centaur (D)
  A bullfrog (D)
  A necrophage (D)
  A howler monkey (D)
  2 hounds (D)
  A gnoll bouda (D)
  An iguana (D)
  An orc (D)
  A bat (D)
  2 endoplasms (D)
  A hobgoblin (D)
  A rat (D)
28 creatures vanquished.

Notes
Turn   | Place    | Note
-------+----------+-------------------------------------------
     0 | D        | Hubris850 the Ogre Monk began the quest for the Orb.
     0 | D        | Reached XP level 1. HP: 24/24 MP: 1/1
     6 | D        | Reached skill level 3 in Maces & Flails
    13 | D        | Reached skill level 4 in Maces & Flails
    21 | D        | Noticed a hound
    21 | D        | Noticed an iguana
    21 | D        | Noticed a hound
    21 | D        | Noticed a necrophage
    26 | D        | Killed a necrophage
    27 | D        | Reached skill level 6 in Maces & Flails
    27 | D        | Reached XP level 2. HP: 37/37 MP: 2/2
    27 | D        | Reached XP level 3. HP: 45/45 MP: 3/3
    27 | D        | Reached XP level 4. HP: 53/53 MP: 4/4
    35 | D        | Reached skill level 7 in Maces & Flails
    37 | D        | Reached XP level 5. HP: 63/63 MP: 5/5
    40 | D        | Reached skill level 8 in Maces & Flails
   123 | D        | Found a snail-covered altar of Cheibriados.
   123 | D        | Found a shadowy altar of Dithmenos.
   123 | D        | Found a white marble altar of Elyvilon.
   123 | D        | Found a blossoming altar of Fedhas.
   123 | D        | Found an opulent altar of Gozag.
   124 | D        | Found a hazy altar of Hepliaklqana.
   125 | D        | Found a viscous altar of Jiyva.
   126 | D        | Found an ancient bone altar of Kikubaaqudgha.
   127 | D        | Found a corrupted altar of Lugonu.
   128 | D        | Found a burning altar of Makhleb.
   129 | D        | Found a sparkling altar of Nemelex Xobeh.
   130 | D        | Found an iron altar of Okawaru.
   131 | D        | Found a stormy altar of Qazlal.
   132 | D        | Found a sacrificial altar of Ru.
   133 | D        | Found a shimmering blue altar of Sif Muna.
   134 | D        | Found a bloodstained altar of Trog.
   135 | D        | Found a hide-covered altar of Uskayaw.
   136 | D        | Found a radiant altar of Vehumet.
   137 | D        | Found an ornate altar of the Wu Jian Council.
   138 | D        | Found a shimmering altar of Xom.
   139 | D        | Found a basalt altar of Yredelemnul.
   142 | D        | Became a worshipper of Warmaster Okawaru
   142 | D        | Reached * piety under Okawaru
   142 | D        | Reached ** piety under Okawaru
   145 | D        | Found a glowing silver altar of Zin.
   146 | D        | Found a glowing golden altar of the Shining One.
   174 | D        | Noticed a hornet
   174 | D        | Noticed a centaur
   174 | D        | Noticed a wraith
   174 | D        | Noticed a hornet
   174 | D        | Noticed a shadow
   181 | D        | Killed a shadow
   182 | D        | Reached skill level 11 in Maces & Flails
   182 | D        | Reached XP level 6. HP: 59/74 MP: 3/6
   186 | D        | Killed a hornet
   186 | D        | Reached *** piety under Okawaru
   187 | D        | Reached skill level 13 in Maces & Flails
   187 | D        | Reached XP level 7. HP: 47/81 MP: 3/7
   189 | D        | Killed a wraith
   193 | D        | Reached skill level 14 in Maces & Flails
   194 | D        | Killed a hornet
   195 | D        | Reached skill level 15 in Maces & Flails
   195 | D        | Reached XP level 8. HP: 17/89 MP: 4/8
   496 | D        | Noticed a deep elf pyromancer
   496 | D        | Noticed a manticore
   496 | D        | Noticed a centaur warrior
   503 | D        | Killed a centaur warrior
   503 | D        | Reached **** piety under Okawaru
   504 | D        | Reached skill level 16 in Maces & Flails
   504 | D        | Killed an unseen horror
   505 | D        | Reached skill level 17 in Maces & Flails
   505 | D        | Reached XP level 9. HP: 61/97 MP: 6/9
   510 | D        | Killed a manticore
   511 | D        | Reached skill level 18 in Maces & Flails
   516 | D        | Killed a deep elf pyromancer
   516 | D        | Reached ***** piety under Okawaru
   522 | D        | Killed an unseen horror
   523 | D        | Reached skill level 19 in Maces & Flails
   832 | D        | Noticed a cane toad
   832 | D        | Noticed a black mamba
   836 | D        | Noticed a rime drake
   838 | D        | Noticed a rime drake
   841 | D        | Reached skill level 1 in Invocations
   841 | D        | Reached skill level 1 in Evocations
   842 | D        | Noticed a komodo dragon
   845 | D        | Killed a black mamba
   846 | D        | Reached XP level 10. HP: 84/107 MP: 9/12
   858 | D        | Killed a cane toad
   858 | D        | Received a gift from Okawaru
   863 | D        | HP: 5/110 [rime drake/flash freeze (24)]
   864 | D        | Succumbed to a water moccasin's poison

Illustrated notes

Levels and vault maps discovered:
D:        linesprint [early_d, line_temple, items_1, d_10, items_2, lair_1,
          lair_end, items_3, orc_1, orc_end, items_4, d_15, swamp_1, shoals_1,
          snake_1, spider_1, d_20, vaults_1, items_5, swamp_end, shoals_end,
          snake_end, spider_end, vaults_end, d_27, items_6, zot_1, zot_end,
          crypt_end, forest_end, elf_end, slime_end, tomb_end, abyss_end,
          pan_hell_end]

Skill      XL: |  1  2  3  4  5  6  7  8  9 10 |
---------------+-------------------------------+-----
Maces & Flails | 6 7 11 13 15 17 19 | 19.2
Fighting       | 6 7 8 9 |  9.9
Dodging        | 3 4 |  4.5
Invocations    | 2 4 |  4.2
Evocations     | 2 3 |  3.1
Stealth        | |  1.4

Action                   |  1- 3 |  4- 6 |  7- 9 | 10-12 || total
-------------------------+-------+-------+-------+-------++-------
Melee: Mace              |    15 |    12 |       |       ||    27
       Dire flail        |       |    10 |    43 |    16 ||    69
Invok: Heroism           |       |     1 |     1 |     1 ||     3
  Use: Potion            |     1 |       |     1 |     1 ||     3
Armor: Robe              |     7 |     1 |    14 |     2 ||    24
Dodge: Dodged            |     6 |     7 |    10 |     5 ||    28

Table legend: (Time is in decaauts)
 A = Elapsed time spent in this place.
 B = Non-inter-level travel time spent in this place.
 C = Inter-level travel time spent in this place.
 D = Time resting spent in this place.
 E = Time spent auto-exploring this place.
 F = Levels seen in this place.
 G = Mean time per level.
                   A        B        C        D        E       F      G
               +--------+--------+--------+--------+--------+-----+--------+
         Total |    858 |    858 |      0 |    585 |      0 |   1 |  858.0 |
       Dungeon |    858 |    858 |      0 |    585 |      0 |   1 |  858.0 |
               +--------+--------+--------+--------+--------+-----+--------+

Top non-repeatable levels by time:
       D: 858 daAuts
